 Dungeon Crawl Stone Soup version 0.17.1-3-g152610e (webtiles) character file.

126875 juanjsm the Unseen (level 16, -2/81 HPs)
             Began as a Spriggan Enchanter on Mar 16, 2016.
             Was the Champion of Ashenzari.
             Drowned by a drowned soul (16 damage)
             ... summoned by a merfolk avatar
             ... on level 4 of the Shoals.
             The game lasted 07:25:52 (32360 turns).

juanjsm the Unseen (Spriggan Enchanter)            Turns: 32360, Time: 07:25:52

Health: -2/81      AC:  8    Str:  4    XL:     16   Next: 15%
Magic:  1/34       EV: 37    Int: 28    God:    Ashenzari [******]
Gold:   1250       SH: 10    Dex: 24    Spells: 14 memorised, 3 levels left

rFire  + . .     SeeInvis +     a - +5 dagger (elec) (curse)
rCold  + . .     Clarity  +     b - +1 robe (curse)
rNeg   + + .     SustAt   .     f - +0 buckler (curse)
rPois  +         Gourm    .     V - -2 hat of the Alchemist {rElec rPois rF+ rC+ rN+ MR+ rMut rCorr} (curse)
rElec  +         Spirit   .     U - +2 cloak "Geadoffa" {+Blink MR+ Int+4 Dex+4} (curse)
rCorr  +         Warding  +     (gloves unavailable)
rMut   +         Stasis   .     (boots unavailable)
MR     +++++                    x - amulet of warding
Stlth  +++++.....               k - +5 ring of dexterity
                                y - ring of protection from magic (curse)

@: very quick, almost entirely resistant to hostile enchantments, quite stealthy
A: unfitting armour, rough black scales 1, see invisible, herbivore 3, speed 3,
slow metabolism 2
a: Scrying, Transfer Knowledge, Renounce Religion, Evoke Blink
}: 1/15 runes: barnacled


You were on level 4 of the Shoals.
You worshipped Ashenzari.
Ashenzari was exalted by your worship.
You were not hungry.

You visited 4 branches of the dungeon, and saw 23 of its levels.
You also visited: Labyrinth and Ice Cave.

You collected 1738 gold pieces.
You spent 488 gold pieces at shops.

Inventory:

Hand Weapons
 a - a cursed +5 dagger of electrocution (weapon)
 l - a +4 falchion of holy wrath
Missiles
 I - 5 tomahawks of returning (quivered)
Armour
 b - a cursed +1 robe (worn)
 f - a cursed +0 buckler (worn)
 U - the cursed +2 cloak "Geadoffa" (worn) {+Blink MR+ Int+4 Dex+4}
   (You bought it in a shop on level 9 of the Dungeon)

   It affects your intelligence (+4).
   It affects your dexterity (+4).
   It affects your resistance to hostile enchantments.
   It lets you blink.
   It has a curse placed upon it.
 V - the cursed -2 hat of the Alchemist (worn) {rElec rPois rF+ rC+ rN+ MR+ rMut rCorr}
   (You found it in a labyrinth)

   It protects you from fire.
   It protects you from cold.
   It insulates you from electricity.
   It protects you from poison.
   It protects you from negative energy.
   It affects your resistance to hostile enchantments.
   It protects you from acid and corrosion.
   It protects you from mutation.
   It has a curse placed upon it.
Jewellery
 k - a +5 ring of dexterity (right hand)
 x - an amulet of warding (around neck)
 y - a cursed ring of protection from magic (left hand)
 E - an uncursed ring of protection from cold
 Q - an uncursed ring of wizardry
Wands
 j - a wand of teleportation (4)
 m - a wand of enslavement (8)
 q - a wand of frost (32)
 s - a wand of disintegration (5)
 t - a wand of draining (3)
 A - a wand of paralysis (9)
 F - a wand of fire (8)
 G - a wand of heal wounds (3)
 J - a wand of digging (11)
 S - a wand of teleportation (4)
Scrolls
 h - 8 scrolls of teleportation
 n - 6 scrolls of amnesia
 v - 3 scrolls of fog
 z - 2 scrolls of magic mapping
 C - 2 scrolls of curse armour
 D - 4 scrolls of curse weapon
 L - 3 scrolls of remove curse
Potions
 c - a potion of resistance
 g - 4 potions of flight
 i - 4 potions of brilliance
 o - 3 potions of magic
 p - 2 potions of ambrosia
 r - a potion of haste
 w - 7 potions of curing
 B - 3 potions of heal wounds
 P - a potion of cancellation
 R - a potion of cure mutation
 T - 3 potions of might
Books
 u - Tixkuw's Reference Book on Feathery Battle Magic
   (You found it on level 2 of the Shoals)

   Spells                             Type                      Level
   a - Shock                          Conjuration/Air              1
   b - Flame Tongue                   Conjuration/Fire             1
   c - Repel Missiles                 Charms/Air                   2
   d - Static Discharge               Conjuration/Air              3
   e - Poisonous Cloud                Conjuration/Poison/Air       6
 K - a Necronomicon

   Spells                             Type                      Level
   a - Haunt                          Necromancy/Summoning         7
   b - Borgnjor's Revivification      Necromancy                   8
   c - Death's Door                   Charms/Necromancy            8
   d - Necromutation                  Transmutation/Necromancy     8
 Z - a book of Minor Magic

   Spells                             Type                      Level
   a - Magic Dart                     Conjuration                  1
   b - Blink                          Translocation                2
   c - Call Imp                       Summoning                    2
   d - Repel Missiles                 Charms/Air                   2
   e - Slow                           Hexes                        2
   f - Conjure Flame                  Conjuration/Fire             3
   g - Mephitic Cloud                 Conjuration/Poison/Air       3
Miscellaneous
 e - a plain deck of summoning {drawn: 1}
 H - a sack of spiders
 M - a lamp of fire
 O - a plain deck of escape {Velocity}
 W - a crystal ball of energy
 X - a fan of gales
 Y - 2 phantom mirrors
Comestibles
 d - 7 bread rations
 N - 6 fruits


   Skills:
 * Level 8.2 Fighting
 + Level 8.4(12.8) Short Blades
 + Level 13.6(17.7) Dodging
 + Level 19.3(22.9) Stealth
 - Level 7.1(10.2) Shields
 + Level 13.2 Spellcasting
 + Level 1.5 Conjurations
 + Level 12.2 Hexes
 * Level 5.6 Summonings
 + Level 0.8 Fire Magic
 + Level 4.9 Ice Magic
 + Level 0.6 Poison Magic
 * Level 11.1 Evocations


You had 3 spell levels left.
You knew the following spells:

 Your Spells              Type           Power        Failure   Level  Hunger
a - Corona                Hex            ######.      1%          1    None
b - Ensorcelled Hibernat  Hex/Ice        ######       1%          2    None
c - Confuse               Hex            ######..     1%          3    None
d - Dazzling Spray        Conj/Hex       ######..     1%          3    None
e - Slow                  Hex            ######..     1%          2    None
f - Cause Fear            Hex            ######....   1%          4    None
g - Leda's Liquefaction   Hex/Erth       ######....   2%          4    None
h - Summon Guardian Gole  Hex/Summ       ######..     1%          3    None
i - Summon Ice Beast      Ice/Summ       #####...     3%          4    None
j - Tukima's Dance        Hex            ######..     1%          3    None
k - Apportation           Tloc           ###.......   3%          1    None
l - Conjure Flame         Conj/Fire      ####....     6%          3    None
m - Mephitic Cloud        Conj/Pois/Air  ###.....     8%          3    None
n - Blink                 Tloc           N/A          6%          2    None


Dungeon Overview and Level Annotations

Branches:
Dungeon (10/15)            Temple (1/1) D:4            Lair (8/8) D:10
 Shoals (4/4) Lair:4       Spider (0/4) Lair:3        Slime (0/6) Lair:6
    Orc: D:9-12

Altars:
Ashenzari
Cheibriados
Dithmenos
Elyvilon
Fedhas
Gozag
Kikubaaqudgha
Makhleb
Nemelex Xobeh
Okawaru
Qazlal
Ru
Sif Muna
Trog
Vehumet
Xom
Yredelemnul
Zin
The Shining One

Shops:
D:4 (   D:5 *   D:9 [([=   Shoals:4 *

Annotations:
D:2 Sigmund


Innate Abilities, Weirdness & Mutations

You are tiny and cannot use many weapons and most armour.
You have supernaturally acute eyesight.
You are a herbivore.
You cover ground extremely quickly.
You need consume almost no food.
You are partially covered in rough black scales (AC +4, Dex -1).


Message History

Confirm with . or Enter, or press ? or * to list all spells.
Aiming: Ensorcelled Hibernation
Press: ? - help, Shift-Dir - straight line, f/p - merfolk
Aim: a merfolk, wielding a trident (moderately wounded, chance to defeat MR: 55%)
The merfolk is unaffected.
The merfolk completely misses you.
There is a stone staircase leading up here.
The merfolk hits the plant but does no damage.
You block the drowned soul's attack.
You closely miss the drowned soul. You barely miss the drowned soul.
The drowned soul touches you. The drowned soul drowns you!
The merfolk avatar chants a haunting song.
You are unaffected.
The drowned soul touches you. The drowned soul drowns you!
* * * LOW HITPOINT WARNING * * *
You enter the shallow water.
Moving in this stuff is going to be slow.
The drowned soul touches you.
* * * LOW HITPOINT WARNING * * *
The drowned soul drowns you!
You die...

≈≈≈≈≈≈≈≈≈≈≈≈≈≈≈≈≈≈≈≈≈≈≈ ≈ ≈≈ ≈≈ ≈
≈≈≈≈≈≈≈≈≈≈≈≈≈≈≈≈≈≈≈≈≈≈≈≈≈ ≈ ≈ ≈
≈≈≈≈≈≈≈≈≈≈≈≈≈≈≈≈≈≈≈≈≈W≈≈≈ ≈ ≈≈≈
≈≈≈≈≈≈≈≈≈≈≈≈≈≈W≈≈≈≈≈≈≈≈≈ ≈ ≈ ≈ ≈
≈≈≈≈≈≈≈≈≈PP≈≈≈m≈≈W≈≈≈≈≈≈≈ ≈≈≈≈≈≈
≈≈≈≈≈≈≈≈≈≈≈PP≈PP≈≈≈≈≈≈≈≈≈≈ ≈≈ ≈≈
≈≈≈≈m≈≈P≈P≈PPPPP)≈≈≈≈≈≈≈ ≈ ≈≈
≈≈≈mP(((..(≈≈P≈≈P≈≈≈≈≈≈≈≈≈≈≈ ≈ ≈
≈≈≈.m####.P..m<.@≈≈≈≈≈≈≈≈≈≈ ≈ ≈≈
≈≈≈≈.######P####P≈≈≈≈≈≈≈≈≈≈≈≈≈≈≈≈
m≈≈≈..P.PP..PPPP.≈≈≈≈≈≈≈≈≈≈≈≈≈≈..
≈≈...P......{P.P..≈≈≈≈≈≈≈≈≈≈≈≈...
≈≈≈..P....P......≈≈≈≈≈≈≈≈≈≈P.....
≈..........P...≈≈≈≈≈≈≈≈≈≈≈≈≈.....
≈≈......P..)...≈P≈≈≈≈≈≈≈≈≈≈≈.....
(..............≈P≈≈≈≈≈P≈≈≈≈≈≈....
...............%...≈≈.≈.≈P≈≈PP...


You could see a merfolk avatar, a merfolk and 3 drowned souls.

Vanquished Creatures
  Ilsuiw (Shoals:3)
  A frost giant (IceCv)
  Aizul (Shoals:1)
  The ghost of bollicks1999 the Blocker, a journeyman MiFi of the Shining One (IceCv)
  Snorg (Lair:7)
  3 merfolk javelineers
  11 merfolk impalers
  A minotaur (Lab)
  The ghost of bollicks1999 the Blocker, a journeyman MiFi of the Shining One (IceCv)
  3 merfolk avatars
  5 hydras
  Erica (D:8)
  An alligator snapping turtle (Shoals:1)
  2 satyrs (Shoals:4)
  2 merfolk aquamancers
  The ghost of juanjsm the Unseen, a journeyman SpEn of Ashenzari (Lair:3)
  The ghost of Stooge the Impaler, a novice MfGl of Ru (D:8)
  8 sea snakes
  2 hill giants
  A necromancer (Lair:6)
  The ghost of Shufflesack the Covert, a novice HaAs of Dithmenos (D:7)
  Pikel (D:9)
  9 harpies
  4 oklob plants
  9 griffons
  A cyclops (Shoals:2)
  7 manticores
  16 fauns
  26 elephants
  2 water nymphs
  Maurice (D:8)
  7 black mambas
  Joseph (D:8)
  5 sirens
  An ice statue (IceCv)
  2 centaur skeletons (D:10)
  22 spiny frogs
  A gargoyle (D:10)
  3 komodo dragons
  A wind drake (Shoals:1)
  3 giant leeches (Lair:8)
  24 merfolk
  14 polar bears
  Grinder (D:6)
  Prince Ribbit (D:9)
  15 blink frogs
  12 snapping turtles
  3 basilisks
  4 water elementals
  A wyvern (D:10)
  8 hippogriffs
  6 vampire mosquitoes (Lair:8)
  Grum (D:9)
  A hungry ghost (D:9)
  26 wolves
  38 yaks
  12 water moccasins
  6 ice beasts
  4 phantoms
  2 sky beasts
  14 porcupines
  8 spiders (Lair:3)
  4 orc warriors
  An eye of draining (D:9)
  6 ogres
  8 centaurs
  14 crocodiles
  8 big kobolds (D:8)
  24 giant frogs
  A wyvern zombie (D:6)
  A gnoll sergeant (D:8)
  3 scorpions
  A water moccasin skeleton (D:6)
  4 wights (D:9)
  2 electric eels (Lair:8)
  4 hounds
  6 crimson imps
  13 jellies
  2 centaur zombies (D:5)
  2 giant frog skeletons
  7 orc priests
  Terence (D:3)
  9 worker ants
  7 orc wizards
  6 iguanas
  15 sheep
  5 wolf simulacra (Lair:6)
  A polar bear simulacrum (Lair:6)
  3 yak simulacra (Lair:6)
  A hound skeleton (D:4)
  Robin (D:3)
  20 gnolls
  54 river rats
  12 white imps
  12 adders
  A shadow imp (D:5)
  16 oozes
  An adder skeleton (D:9)
  7 worms
  4 giant geckos
  37 orcs
  2 ball pythons
  A giant cockroach (D:8)
  23 goblins
  17 hobgoblins
  5 quokkas
  6 bats
  3 giant newts
  20 jackals
  26 kobolds
  A quokka zombie (D:6)
  9 rats
  2 river rat simulacra (Lair:6)
  A fungus (Lair:5)
  2 plants
814 creatures vanquished.

Vanquished Creatures (collateral kills)
  A merfolk aquamancer (Shoals:1)
  A sea snake (Shoals:3)
  A spiny frog (Lair:8)
  3 merfolk
  A yak (Lair:8)
  5 water elementals
  A giant frog (Lair:8)
13 creatures vanquished.

Vanquished Creatures (others)
  A dancing weapon (Shoals:4)
  2 slaves (D:9)
  A centaur skeleton (D:9)
  An adder (D:9)
  An orc (D:9)
  5 fungi
  37 plants
48 creatures vanquished.

Grand Total: 875 creatures vanquished

Notes
Turn   | Place    | Note
--------------------------------------------------------------
     0 | D:1      | juanjsm the Spriggan Enchanter began the quest for the Orb.
     0 | D:1      | Reached XP level 1. HP: 9/9 MP: 5/5
   240 | D:1      | Reached XP level 2. HP: 13/13 MP: 6/6
   246 | D:1      | Learned a level 2 spell: Ensorcelled Hibernation
   357 | D:1      | Reached skill level 5 in Stealth
   854 | D:2      | Reached XP level 3. HP: 2/16 MP: 0/8
  1185 | D:2      | Reached skill level 6 in Stealth
  1334 | D:2      | Reached XP level 4. HP: 21/21 MP: 1/9
  1453 | D:2      | Noticed Sigmund
  1582 | D:2      | Learned a level 3 spell: Confuse
  2186 | D:3      | Noticed Terence
  2196 | D:3      | Killed Terence
  2196 | D:3      | Reached skill level 7 in Stealth
  2196 | D:3      | Reached XP level 5. HP: 24/24 MP: 5/10
  2202 | D:3      | Learned a level 3 spell: Dazzling Spray
  2473 | D:3      | Noticed Robin
  2655 | D:3      | Killed Robin
  3162 | D:3      | Reached skill level 8 in Stealth
  3286 | D:4      | Found Wucaoseo's Antique Weapon Emporium.
  3346 | D:4      | Reached XP level 6. HP: 28/28 MP: 11/11
  3348 | D:4      | Found a staircase to the Ecumenical Temple.
  3361 | Temple   | Entered the Ecumenical Temple
  3418 | Temple   | Became a worshipper of Ashenzari the Shackled
  3637 | D:4      | Reached skill level 1 in Shields
  3730 | D:4      | Found a burning altar of Makhleb.
  3818 | D:4      | Found a snail-covered altar of Cheibriados.
  3888 | D:4      | Learned a level 2 spell: Slow
  3944 | D:5      | Entered Level 5 of the Dungeon
  4097 | D:5      | Found Notois's General Store.
  4130 | D:5      | Reached skill level 9 in Stealth
  4135 | D:5      | Reached XP level 7. HP: 32/32 MP: 13/13
  4484 | D:5      | Reached skill level 10 in Stealth
  4556 | D:5      | Reached skill level 5 in Hexes
  4927 | D:5      | Reached XP level 8. HP: 30/37 MP: 0/15
  5003 | D:5      | Reached * piety under Ashenzari
  5359 | D:6      | Reached skill level 1 in Fighting
  5359 | D:6      | Reached skill level 5 in Dodging
  5820 | D:6      | HP: 1/37 [disintegration (12)]
  5968 | D:6      | Reached skill level 11 in Stealth
  5974 | D:6      | Learned a level 4 spell: Cause Fear
  6158 | D:6      | Reached skill level 5 in Spellcasting
  6208 | D:6      | Found a bloodstained altar of Trog.
  6507 | D:6      | Identified a +1 rod of inaccuracy (12/12)
  6535 | D:6      | Reached skill level 1 in Evocations
  6834 | D:6      | Noticed Grinder
  6835 | D:6      | Reached XP level 9. HP: 41/41 MP: 14/18
  6868 | D:6      | Killed Grinder
  7235 | D:6      | Reached skill level 5 in Short Blades
  7241 | D:6      | Learned a level 4 spell: Leda's Liquefaction
  7602 | D:7      | Found an iron altar of Okawaru.
  7699 | D:7      | Noticed Shufflesack's ghost (novice HaAs)
  7703 | D:7      | Reached ** piety under Ashenzari
  7950 | D:7      | Found a glowing silver altar of Zin.
  7959 | D:7      | Found a white marble altar of Elyvilon.
  8361 | D:7      | Reached skill level 12 in Stealth
  8409 | D:7      | Found a shimmering altar of Xom.
  8412 | D:7      | Found a shadowy altar of Dithmenos.
  8763 | D:8      | Noticed Joseph
  8771 | D:8      | Killed Joseph
  8796 | D:8      | Noticed Maurice
  8803 | D:8      | Killed Maurice
  8932 | D:8      | Reached XP level 10. HP: 45/45 MP: 17/21
  9378 | D:8      | Noticed Stooge's ghost (novice MfGl)
  9782 | D:7      | Killed Shufflesack's ghost
  9782 | D:7      | Reached skill level 13 in Stealth
  9943 | D:8      | Identified the +3 ring mail of Trumpets {Dex+7} (You took it off a kobold on level 8 of the Dungeon)
 10039 | D:8      | Found an opulent altar of Gozag.
 10040 | D:8      | Reached *** piety under Ashenzari
 10087 | D:8      | Noticed Erica
 10092 | D:8      | Identified the +0 robe of the Bells {-Tele Int+4}
 10094 | D:8      | Killed Erica
 10094 | D:8      | Reached skill level 5 in Evocations
 10484 | D:8      | Killed Stooge's ghost
 10484 | D:8      | Reached skill level 1 in Ice Magic
 11239 | D:9      | Noticed Grum
 11583 | D:9      | Noticed Pikel
 11983 | D:9      | Killed Grum
 11983 | D:9      | Reached XP level 11. HP: 49/49 MP: 1/23
 12063 | D:9      | Found Ijiomiof's Antique Weapon Boutique.
 12168 | D:9      | Killed Pikel
 12264 | D:9      | Found Tutajofigu's Antique Armour Boutique.
 12267 | D:9      | Bought a blackened cloak for 285 gold pieces
 12267 | D:9      | Identified the +2 cloak "Geadoffa" {+Blink MR+ Int+4 Dex+4} (You bought it in a shop on level 9 of the Dungeon)
 12288 | D:9      | Found Gasias's Armour Shoppe.
 12295 | D:9      | Bought a +1 hat for 143 gold pieces
 12313 | D:9      | Found Uthedoaho's Jewellery Shoppe.
 12536 | D:9      | Noticed a hill giant
 12585 | D:9      | Killed a hill giant
 12649 | D:9      | Noticed Prince Ribbit
 12658 | D:9      | Killed Prince Ribbit
 13026 | D:10     | Entered Level 10 of the Dungeon
 13068 | D:10     | Noticed a hill giant
 13074 | D:10     | Killed a hill giant
 13074 | D:10     | Reached skill level 5 in Shields
 13188 | D:10     | Learned a level 3 spell: Summon Guardian Golem
 13193 | D:10     | Learned a level 4 spell: Summon Ice Beast
 13408 | D:10     | Found a staircase to the Lair.
 13484 | D:10     | Reached **** piety under Ashenzari
 13759 | D:10     | Reached skill level 14 in Stealth
 14065 | Lair:1   | Entered Level 1 of the Lair of Beasts
 14164 | Lair:1   | Found a shimmering altar of Xom.
 14202 | Lair:1   | Reached skill level 10 in Dodging
 14940 | Lair:1   | Reached XP level 12. HP: 56/56 MP: 22/26
 15159 | Lair:2   | Found a glowing silver altar of Zin.
 15269 | Lair:2   | Noticed an eight-headed hydra
 15289 | Lair:2   | Killed an eight-headed hydra
 15564 | Lair:2   | Reached ***** piety under Ashenzari
 16080 | Lair:3   | Found a labyrinth entrance.
 16083 | Lair:3   | Reached skill level 15 in Stealth
 16098 | Lab      | Entered a labyrinth
 16296 | Lab      | Noticed Shufflesack's ghost (journeyman DEFE)
 16909 | Lab      | Noticed a minotaur
 16945 | Lab      | Killed a minotaur
 17149 | Lair:3   | Noticed a seven-headed hydra
 17158 | Lair:3   | Reached skill level 1 in Conjurations
 17185 | Lair:3   | Killed a seven-headed hydra
 17322 | Lair:3   | Found a hole to the Spider Nest.
 17393 | Lair:3   | Noticed juanjsm's ghost (journeyman SpEn)
 17637 | Lair:3   | Killed juanjsm's ghost
 17843 | Lair:3   | Reached skill level 10 in Spellcasting
 18179 | Lair:4   | Found a staircase to the Shoals.
 18327 | Lair:4   | Found a frozen archway.
 18892 | IceCv    | Entered an ice cave
 18892 | IceCv    | Noticed bollicks1999's ghost (journeyman MiFi)
 18901 | IceCv    | Killed bollicks1999's ghost
 18919 | IceCv    | Reached XP level 13. HP: 23/63 MP: 1/28
 19242 | IceCv    | Noticed bollicks1999's ghost (journeyman MiFi)
 19490 | IceCv    | Noticed a frost giant
 19674 | IceCv    | Killed bollicks1999's ghost
 19679 | IceCv    | Killed a frost giant
 19679 | IceCv    | Reached skill level 5 in Fighting
 20658 | Lair:5   | Reached skill level 16 in Stealth
 20865 | Lair:5   | Reached skill level 10 in Hexes
 22081 | Lair:6   | Identified the +9 short sword of Ashenzari's Outrage {flame, *Confuse +Fly rPois rN++}
 22250 | Lair:6   | Reached skill level 1 in Summonings
 22359 | Lair:6   | Reached ****** piety under Ashenzari
 22492 | Lair:6   | Reached skill level 17 in Stealth
 22504 | Lair:6   | Found a staircase to the Slime Pits.
 22514 | Lair:6   | Reached XP level 14. HP: 69/69 MP: 20/30
 23591 | Lair:7   | Noticed Snorg
 23692 | Lair:7   | Killed Snorg
 23845 | Lair:7   | Identified the +8 chain mail of Impatience {rC- rN+ Dex+2}
 24189 | Lair:8   | Entered Level 8 of the Lair of Beasts
 25519 | Lair:8   | Learned a level 3 spell: Tukima's Dance
 25555 | Lair:8   | Identified the +7 spear of Piha {elec, -Tele rElec Str+4 Stlth-}
 25968 | Shoals:1 | Entered Level 1 of the Shoals
 25968 | Shoals:1 | Noticed Aizul
 26343 | Shoals:1 | Killed Aizul
 26343 | Shoals:1 | Reached skill level 18 in Stealth
 26475 | Shoals:1 | Learned a level 1 spell: Apportation
 26822 | Shoals:1 | Identified a scroll of acquirement
 26822 | Shoals:1 | Identified the cursed +0 hat of Zimaa {rF+ Int+5} (You acquired it on level 1 of the Shoals)
 27075 | Shoals:2 | Learned a level 3 spell: Conjure Flame
 27079 | Shoals:2 | Learned a level 3 spell: Mephitic Cloud
 27099 | Shoals:2 | Reached XP level 15. HP: 75/75 MP: 32/32
 27520 | Shoals:2 | Learned a level 2 spell: Blink
 27570 | Shoals:2 | Identified Tixkuw's Reference Book on Feathery Battle Magic (You found it on level 2 of the Shoals)
 27727 | Shoals:3 | Noticed Ilsuiw
 28657 | Shoals:3 | Reached skill level 10 in Evocations
 29026 | Shoals:3 | Killed Ilsuiw
 29515 | Shoals:3 | Reached skill level 5 in Summonings
 29594 | Shoals:3 | Reached skill level 19 in Stealth
 29705 | Shoals:4 | Entered Level 4 of the Shoals
 29705 | Shoals:4 | Noticed a kraken
 29730 | Shoals:4 | Found Cafukhlef's Commerce Corner.
 29738 | Shoals:4 | Bought a potion of curing for 60 gold pieces
 30594 | Shoals:4 | Gained mutation: You are partially covered in rough black scales (AC +4, Dex -1). [potion of beneficial mutation]
 30606 | Shoals:4 | Identified the ring "Ritoole" {MP+9 Stlth+}
 31582 | Shoals:4 | Reached XP level 16. HP: 70/81 MP: 10/34
 31670 | Shoals:4 | Got a barnacled rune of Zot
 32360 | Shoals:4 | Drowned by a drowned soul

Action                   |  1- 3 |  4- 6 |  7- 9 | 10-12 | 13-15 | 16-18 || total
-------------------------+-------+-------+-------+-------+-------+-------++-------
Melee: Dagger            |    77 |   127 |   283 |   778 |   992 |    84 ||  2341
Throw: Tomahawk          |       |       |       |       |       |     6 ||     6
 Cast: Corona            |     3 |     8 |    12 |    22 |    41 |     3 ||    89
       Ensorcelled Hiber |    13 |    32 |    65 |   126 |   249 |    39 ||   524
       Confuse           |       |     1 |    37 |   119 |    91 |     1 ||   249
       Dazzling Spray    |       |       |    18 |    28 |    25 |     6 ||    77
       Slow              |       |       |     4 |       |     3 |       ||     7
       Cause Fear        |       |       |     1 |     3 |     1 |       ||     5
       Summon Guardian G |       |       |       |     5 |     1 |       ||     6
       Summon Ice Beast  |       |       |       |     3 |    16 |       ||    19
       Tukima's Dance    |       |       |       |       |     7 |     3 ||    10
       Conjure Flame     |       |       |       |       |    17 |     2 ||    19
       Mephitic Cloud    |       |       |       |       |    10 |     1 ||    11
Invok: Scrying           |       |       |       |    12 |     5 |       ||    17
 Abil: Evoke Blink       |       |       |       |       |     5 |     2 ||     7
Evoke: Wand              |       |       |       |     7 |     2 |       ||     9
       Deck              |       |       |       |       |     1 |       ||     1
  Use: Potion            |     2 |       |     9 |     1 |    11 |       ||    23
       Scroll            |       |     8 |    12 |    15 |    10 |     1 ||    46
 Stab: Sleeping          |    16 |    59 |    66 |    97 |   197 |    12 ||   447
       Distracted        |       |     3 |     5 |    16 |    16 |     1 ||    41
       Confused          |       |       |    25 |    75 |    55 |       ||   155
       Invisible         |       |       |     1 |     3 |    10 |       ||    14
  Eat: Pizza             |       |     1 |       |     5 |     2 |       ||     8
       Bread ration      |       |     1 |     1 |       |       |       ||     2
       Fruit             |       |       |       |     1 |    10 |       ||    11
       Royal jelly       |       |       |       |     1 |       |     1 ||     2
